 Dungeon Crawl Stone Soup version 0.29.0 (webtiles) character file.

Game seed: 2536048062486408256

15 imdaedric the Conjurer (level 2, -1/15 HPs)
             Began as a Deep Elf Conjurer on Aug 24, 2022.
             Slain by a gnoll
             ... wielding a +0 club
              (3 damage)
             ... on level 1 of the Dungeon.
             The game lasted 00:00:46 (329 turns).

imdaedric the Conjurer (Deep Elf Conjurer)           Turns: 329, Time: 00:00:46

Health: -1/15      AC:  3    Str:  4    XL:     2   Next: 34%
Magic:  2/8        EV: 12    Int: 22    God:
Gold:   14         SH:  0    Dex: 13    Spells: 4/7 levels left

rFire   . . .      SeeInvis .   (no weapon)
rCold   . . .      Faith    .   (no shield)
rNeg    . . .      Spirit   .   a - +0 robe
rPois   .          Reflect  .   (no helmet)
rElec   .          Harm     .   (no cloak)
rCorr   .          Rampage  .   c - +0 pair of gloves
Will    .....                   (no boots)
Stlth   ++........              (no amulet)
HPRegen 0.05/turn               (no ring)
MPRegen 0.11/turn               (no ring)

@: no status effects
A: no striking features
a: no special abilities


You were on level 1 of the Dungeon.
You visited 1 branch of the dungeon, and saw 1 of its levels.

You collected 14 gold pieces.

Inventory:

Armour
 a - a +0 robe (worn)
 c - a +0 pair of gloves (worn)
Scrolls
 d - a scroll of identify {unknown}
 e - 2 scrolls of magic mapping {unknown}
Potions
 b - a potion of magic


   Skills:
 * Level 2.7 Dodging
 * Level 2.9 Stealth
 * Level 3.3 Spellcasting
 * Level 4.5 Conjurations


You had 4 spell levels left.
You knew the following spells:

 Your Spells              Type           Power      Damage    Failure   Level
a - Magic Dart            Conj           92%        1d7       1%          1
z - Searing Ray           Conj           46%        2d6       2%          2

Your spell library contained the following spells:

 Spells                   Type           Power      Damage    Failure   Level
 Dazzling Flash           Conj/Hex       26%        N/A       14%         3
 Fulminant Prism          Conj/Hex       6%         3d7       43%         4
 Iskenderun's Mystic Bla  Conj/Tloc      13%        2d5       43%         4


Dungeon Overview and Level Annotations

Branches:
Dungeon (1/15)

Altars:


Message History

Casting: Magic Dart (safe; 1% risk of failure)
Confirm with . or Enter, or press ? or * to list all spells.
Aiming: Magic Dart (safe; 1% risk of failure)
Press: ? - help, Shift-Dir - straight line, f/p - gnoll
Aim: a gnoll, wielding a +0 club (moderately wounded, 100% to hit)
The magic dart hits the gnoll.
The gnoll is moderately wounded.
Casting: Magic Dart (safe; 1% risk of failure)
Confirm with . or Enter, or press ? or * to list all spells.
Aiming: Searing Ray (safe; 2% risk of failure)
Press: ? - help, Shift-Dir - straight line, f/p - gnoll
Aim: a gnoll, wielding a +0 club (moderately wounded, 81% to hit)
The searing ray misses the gnoll.
The searing ray hits the ball python.
The ball python is severely wounded. (Press . to maintain the ray.)
The searing ray hits the gnoll!
The gnoll is almost dead.
The searing ray misses the ball python.
The searing ray misses the kobold.
The gnoll hits you with a +0 club.
The searing ray misses the gnoll.
The searing ray hits the ball python!
You kill the ball python!
The searing ray misses the kobold.
The gnoll hits you with a +0 club.
* * * LOW HITPOINT WARNING * * *
The searing ray misses the gnoll.
The searing ray hits the kobold.
You kill the kobold!
The searing ray hits the giant cockroach.
You kill the giant cockroach!
You finish channelling your searing ray.
The gnoll hits you but does no damage.
Casting: Searing Ray (safe; 2% risk of failure)
Confirm with . or Enter, or press ? or * to list all spells.
You don't have enough magic to cast this spell.
Unknown command.
The gnoll hits you with a +0 club.
* * * LOW HITPOINT WARNING * * *
You see here a +0 club.
The gnoll attacks as you move away! The gnoll hits you but does no damage.
You see here a hobgoblin corpse.
The gnoll attacks as you move away! The gnoll hits you with a +0 club.
You die...

############...
#.)......).†...
#.#########....
##########†#######
.
..).....@g........
###.###.##.#######
#.##.# #....#
#..### #..# #..#
#..# #..# #.#


You could see a gnoll.

Vanquished Creatures
  An endoplasm (D:1)
  A giant cockroach (D:1)
  2 goblins (D:1)
  3 hobgoblins (D:1)
  A kobold (D:1)
  3 ball pythons (D:1)
  2 rats (D:1)
13 creatures vanquished.

Notes
Turn   | Place    | Note
-------+----------+-------------------------------------------
     0 | D:1      | imdaedric the Deep Elf Conjurer began the quest for the
                  | Orb.
     0 | D:1      | Reached XP level 1. HP: 10/10 MP: 6/6
   218 | D:1      | Reached XP level 2. HP: 15/15 MP: 6/8
   258 | D:1      | Learned a level 2 spell: Searing Ray
   329 | D:1      | Slain by a gnoll

Illustrated notes

Levels and vault maps discovered:
D:1:      nagdon_arrival_zigzag_paths, layout_loops_ring,
          hellmonk_ecumenical_altar_lost_god, minmay_strange_pillars

Action                   || total
-------------------------++-------
 Cast: Magic Dart        ||    20
       Searing Ray       ||     1
Armor: Robe              ||     3
Dodge: Dodged            ||     2
